 Dungeon Crawl Stone Soup version 0.31-a0-705-ga145531891 (webtiles) character file.

Game seed: 1246604155545020161

191 porpoise the Sneak (level 5, -4/28 HPs)
             Began as a Vine Stalker Brigand on Sept 10, 2023.
             Slain by a black bear (5 damage)
             ... on level 4 of the Dungeon.
             The game lasted 00:06:42 (2220 turns).

porpoise the Sneak (Vine Stalker Brigand)           Turns: 2220, Time: 00:06:43

Health: -4/28      AC:  5    Str: 13    XL:     5   Next: 70%
Magic:  0/6        EV: 11    Int: 11    God:
Gold:   125        SH:  0    Dex: 18    Spells: 4/4 levels left

rFire   . . .        a - +2 dagger
rCold   . . .        (no shield)
rNeg    . . .        b - +0 robe
rPois   .            (no helmet)
rElec   .            c - +0 cloak
rCorr   .            j - +0 pair of gloves
SInv    .            o - +0 pair of boots
Will    .....        (no amulet)
Stlth   +++          (no ring)
HPRegen 1.04/turn    (no ring)
MPRegen 0.10/turn

%: guardian spirit
@: no status effects
A: fangs 2, regeneration 1, magic shield, antimagic bite, no potion heal 2
a: no special abilities


You were on level 4 of the Dungeon.
You visited 1 branch of the dungeon, and saw 4 of its levels.

You collected 125 gold pieces.

Inventory:

Hand Weapons
 a - a +2 dagger (weapon)
Missiles
 d - 15 poisoned darts (quivered)
 e - 3 curare-tipped darts
 f - 4 boomerangs
Armour
 b - a +0 robe (worn)
 c - a +0 cloak (worn)
 j - a +0 pair of gloves (worn)
 o - a +0 pair of boots (worn)
Jewellery
 k - a ring of ice
Wands
 q - a wand of charming (2)
Scrolls
 i - a scroll of teleportation
Potions
 g - 2 potions of curing {unknown}
 h - a potion of haste {unknown}
 n - a potion of magic {unknown}
 p - a potion of lignification {unknown}
 r - a potion of invisibility {unknown}
 s - a potion of degeneration {unknown}


   Skills:
 + Level 2.9 Fighting
 * Level 3.9 Short Blades
 - Level 1.7 Throwing
 - Level 0.7 Dodging
 + Level 6.0 Stealth


You had 4 spell levels left.
You didn't know any spells.
Your spell library contained the following spells:

 Spells                   Type           Power      Damage    Failure   Level
 Shock                    Conj/Air       0%         1d3       34%         1
 Ensorcelled Hibernation  Hex/Ice        0%         N/A       47%         2
 Jinxbite                 Hex            0%         N/A       47%         2
 Call Canine Familiar     Summ           0%         N/A       71%         3
 Gell's Gravitas          Tloc           0%         N/A       71%         3
 Ignite Poison            Fire/Tmut/Pois 0%         N/A       71%         3
 Sigil of Binding         Hex            0%         N/A       71%         3
 Swiftness                Air            0%         N/A       71%         3
 Teleport Other           Tloc           0%         N/A       71%         3
 Airstrike                Air            0%         2d(0-16)  98%         4
 Anguish                  Hex/Necr       0%         N/A       98%         4
 Dimensional Bullseye     Hex/Tloc       0%         N/A       98%         4
 Leda's Liquefaction      Hex/Erth       0%         N/A       98%         4
 Sticky Flame             Conj/Fire      0%         2d3       98%         4
 Dispersal                Tloc           0%         N/A       100%        6
 Ignition                 Fire           0%         3d3       100%        8


Dungeon Overview and Level Annotations

Branches:
Dungeon (4/15)
 Temple: D:4-7

Altars:


Innate Abilities, Weirdness & Mutations

You have extremely sharp teeth.
Your natural rate of healing is unusually fast.
When hurt, damage is shared between your health and your magic reserves.
Your bite disrupts and absorbs the magic of your enemies.
Potions cannot restore your health.


Message History

The black bear claws you but does no damage. x2
You hit the black bear.
You bite the black bear, but do no damage.
The black bear is heavily wounded.
The black bear closely misses you. The black bear barely misses you.
The black bear claws you.
You hit the black bear. You bite the black bear. You drain its power.
You feel invigorated.
The black bear is severely wounded.
The black bear bites you! The black bear misses you. The black bear claws you.
You are too injured to fight recklessly!
You are too injured to fight recklessly!
You are too injured to fight recklessly!
You hit the black bear but do no damage.
You bite the black bear, but do no damage.
The black bear is severely wounded.
You hit the black bear. You bite the black bear. You drain its power.
You feel invigorated.
The black bear is severely wounded.
The black bear goes berserk!
You barely miss the black bear.
The black bear is severely wounded.
The black bear closely misses you. The black bear misses you. x2
You hit the black bear. Your bite misses the black bear.
The black bear is severely wounded.
The black bear bites you! The black bear claws you.
* * * LOW HITPOINT WARNING * * *
The black bear claws you.
* * * LOW HITPOINT WARNING * * *
The black bear bites you.
* * * LOW HITPOINT WARNING * * *
The black bear claws you but does no damage.
The black bear misses you.
You barely miss the black bear. You punch the black bear.
The black bear is severely wounded.
The black bear bites you.
* * * LOW HITPOINT WARNING * * *
The black bear claws you but does no damage.
The black bear claws you.
You die...

..###........# #..
..# ########.# #..
#.# #.# #.# ## #.#
#.# #.# . # #.#
#######.###.###
.#. #..
.........##.'.##..
..#
#######.....###.#
#.[#..##..#
#...##@#...#
#..(.##.h...+
.........#...#
..........##..#
#........>.# #.#
#..........+ #..
.....#..# .##
#...##..# # ....
...#


You could see a black bear (berserk).

Vanquished Creatures
  3 hounds (D:2)
  2 adders (D:2)
  An ufetubus (D:4)
  4 dart slugs
  An orc (D:4)
  4 endoplasms
  6 giant cockroaches
  8 goblins
  4 hobgoblins
  4 kobolds (D:1)
  2 quokkas
  6 ball pythons
  6 bats
  6 frilled lizards
  An orc zombie (D:4)
  2 rats
60 creatures vanquished.

Vanquished Creatures (collateral kills)
  4 orcs (D:4)
  A ball python (D:4)
5 creatures vanquished.

Grand Total: 65 creatures vanquished

Notes
Turn   | Place    | Note
-------+----------+-------------------------------------------
     0 | D:1      | porpoise the Vine Stalker Brigand began the quest for the
                  | Orb.
     0 | D:1      | Reached XP level 1. HP: 11/11 MP: 2/2
    94 | D:1      | Reached skill level 5 in Stealth
    94 | D:1      | Reached XP level 2. HP: 13/15 MP: 0/3
   357 | D:1      | Found a faded altar of an unknown god.
   461 | D:1      | Reached XP level 3. HP: 18/18 MP: 4/4
   808 | D:2      | Reached XP level 4. HP: 19/23 MP: 5/5
   958 | D:2      | Reached XP level 5. HP: 27/27 MP: 6/6
  2193 | D:4      | Reached skill level 6 in Stealth
  2195 | D:4      | Noticed an ogre
  2202 | D:4      | Noticed a black bear
  2220 | D:4      | HP: 1/28 [black bear (2)]
  2220 | D:4      | Slain by a black bear

Illustrated notes

Levels and vault maps discovered:
D:1:      amcnicky_arrival_flooded_fountain, layout_basic,
          shapermc_ecumenical_altar_mp_urbaneastern, minmay_tromino_v4_b
D:2:      layout_rooms, nicolae_titane
D:3:      layout_loops_corners
D:4:      layout_loops_ring, fedhas_altar_3, nicolae_ossuary_entry_giza,
          gammafunk_ghost_nasty_kobolds

Skill      XL: |  1  2  3  4  5 |
---------------+----------------+-----
Short Blades   | 2 3 |  3.9
Stealth        | 5 6 |  6.0
Fighting       | 2 |  2.9
Throwing       | |  1.7
Dodging        | |  0.7

Action                     |  1- 3 |  4- 6 || total
---------------------------+-------+-------++-------
  Melee: Dagger            |    95 |   100 ||   195
         Bite              |    17 |    27 ||    44
         Punch             |       |     4 ||     4
    Use: Scroll            |       |     5 ||     5
   Stab: Sleeping          |     8 |     6 ||    14
 Armour: Robe              |    49 |    70 ||   119
  Dodge: Dodged            |    62 |    74 ||   136

Table legend: (Time is in decaauts)
 A = Elapsed time spent in this place.
 B = Non-inter-level travel time spent in this place.
 C = Inter-level travel time spent in this place.
 D = Time resting spent in this place.
 E = Time spent auto-exploring this place.
 F = Levels seen in this place.
 G = Mean time per level.
                   A        B        C        D        E       F      G
               +--------+--------+--------+--------+--------+-----+--------+
         Total |   2191 |   2081 |    110 |    135 |   1462 |   4 |  547.8 |
       Dungeon |   2191 |   2081 |    110 |    135 |   1462 |   4 |  547.8 |
               +--------+--------+--------+--------+--------+-----+--------+

Top non-repeatable levels by time:
     D:3: 859 daAuts
     D:1: 729 daAuts
     D:2: 508 daAuts
     D:4: 95 daAuts
